 Dungeon Sprint DCSS version 0.31-a0-66-ge618eeaa78 (webtiles) character file.

Game seed: 16989810441129145002

0 sircluck the Ruffian (level 1, -2/22 HPs)
             Began as a Troll Berserker on May 22, 2023.
             Was a Follower of Trog.
             Slain by a flayed ghost (11 damage)
             ... in the Dungeon (Sprint VII: "The Pits").
             The game lasted 00:00:12 (32 turns).

sircluck the Ruffian (Troll Berserker)                Turns: 32, Time: 00:00:13

Health: -2/22      AC:  4    Str: 24    XL:     1   Next: 8%
Magic:  0/0        EV: 10    Int:  3    God:    Trog [*.....]
Gold:   0          SH:  0    Dex:  9    Spells: 0/0 levels left

rFire   . .          .
                       - Unarmed
rCold   . . .        (no shield)
rNeg    . . .        a - +0 animal skin
rPois   .            (helmet restricted)
rElec   .            (no cloak)
rCorr   .            (gloves unavailable)
SInv    .            (boots unavailable)
Will    .....        (no amulet)
Stlth   +            (no ring)
HPRegen 1.03/turn    (no ring)
MPRegen 0.07/turn

%: no teleportation
@: flayed, on berserk cooldown, slowed, very slow
A: large, unfitting armour, claws 3, regeneration 1, shaggy fur 1, tough skin 1
a: Renounce Religion, Berserk


You were in the Dungeon.
You worshipped Trog.
Trog was aware of your devotion.
You visited 1 branch

Inventory:

Armour
 a - a +0 animal skin (worn)
Scrolls
 g - a scroll of blinking
Potions
 b - a potion of curing
 c - a potion of heal wounds
 d - a potion of haste
 e - 2 potions of magic
 f - a potion of berserk rage


   Skills:
 + Level 2.5 Fighting
 + Level 2.5 Dodging
 + Level 3.1 Unarmed Combat


You couldn't memorise any spells.
You didn't know any spells.
Your spell library was empty.

Dungeon Overview and Level Annotations

Branches:
Dungeon (1/1)

Altars:


Innate Abilities, Weirdness & Mutations

You are too large for most types of armour.
You have claws for hands.
Your natural rate of healing is unusually fast.
You are covered in fur. (AC +1)
You have tough skin. (AC +1)


Message History

There is a huge open gate to the Metal Vault (Medium) here.
A kobold and a flayed ghost come into view.
The kobold shouts!
The flayed ghost cries, "Feel what I felt!"
Terrible wounds open up all over your body!
There is a huge open gate to the Metal Vault (Medium) here.
There is a huge open gate to the Metal Vault (Medium), spattered with blood here.
You close the huge gate.
You start waiting.
The flayed ghost stares at you with tortured malice.
Terrible wounds spread across more of your body!
A red film seems to cover your vision as you go berserk!
You feel yourself moving faster!
You feel mighty!
The flayed ghost stares at you with tortured malice.
Terrible wounds spread across more of your body!
You feel a strong urge to attack something.
There is a huge open gate to the Metal Vault (Medium), spattered with blood here.
You claw the kobold!
You kill the kobold!
Trog accepts your kill.
There is a huge open gate to the Metal Vault (Medium) here.
Things that are here:
a +0 dagger; a kobold corpse You feel a strong urge to attack something.
The flayed ghost barely misses you.
You closely miss the flayed ghost. The flayed ghost hits you!
You miss the flayed ghost. You claw the flayed ghost!
The flayed ghost is lightly damaged.
The flayed ghost barely misses you.
You claw the flayed ghost!
The flayed ghost is heavily damaged.
You are no longer berserk.
You are exhausted.
You feel yourself slow down. The flayed ghost barely misses you.
You scratch the flayed ghost but do no damage.
The flayed ghost is moderately damaged.
The flayed ghost hits you!
Ouch! That really hurt!
You die...

#................#
#......#..#......#
#................+
+................+
#......#..#......#
#................#
####'#####''######
#.......##')#
#.......##.@##
#.......##..W#
#...<...###...#
#.......# ##.....
#.......# ..###+#
#.......# .##
######### .. W.
##.


You could see a flayed ghost.

Vanquished Creatures
  A kobold (D)
1 creature vanquished.

Notes
Turn   | Place    | Note
-------+----------+-------------------------------------------
     0 | D        | sircluck the Troll Berserker began the quest for the Orb.
     0 | D        | Reached XP level 1. HP: 22/22 MP: 0/0
    16 | D        | Noticed a flayed ghost
    32 | D        | Slain by a flayed ghost

Illustrated notes

Levels and vault maps discovered:
D:        pitsprint [storerooms_1, entrance_room_1, metal_vault_5, armoury_2,
          mini_pit_1, grid_room_1, main_hall_1, silver_pit, the_coven_3,
          the_vestibule_1, steel_vault_3, golden_pit, hallway_of_sentries,
          crystal_vault_1, iron_vault_4, final_vault]

Action                     || total
---------------------------++-------
  Melee: Unarmed           ||     6
 Invoke: Berserk           ||     1
  Dodge: Dodged            ||     3

Table legend: (Time is in decaauts)
 A = Elapsed time spent in this place.
 B = Non-inter-level travel time spent in this place.
 C = Inter-level travel time spent in this place.
 D = Time resting spent in this place.
 E = Time spent auto-exploring this place.
 F = Levels seen in this place.
 G = Mean time per level.
                   A        B        C        D        E       F      G
               +--------+--------+--------+--------+--------+-----+--------+
         Total |     29 |     29 |      0 |      0 |     16 |   1 |   29.0 |
       Dungeon |     29 |     29 |      0 |      0 |     16 |   1 |   29.0 |
               +--------+--------+--------+--------+--------+-----+--------+

Top non-repeatable levels by time:
       D: 29 daAuts
